AoeStats
← joosephy

Black Forest

507754777Analyzed
4v4 RM · 13d ago on Sep 19, 2026· 49m 42s· 8 players
Game mode
Random Map
Map size
Large (8 player)
Population
200
Speed
Normal
Resources
Standard
Victory
Conquest
Starting age
Dark Age
Ending age
Imperial Age
RankedLock teamsTeams togetherTeam positionsShared explorationLock speedFull tech treeHidden civsTurbo modeCheats
Victory
Defeat
🇮🇹 Spanish · Italy
1730
+9
🇵🇪 Mongols · Peru
1671
+11
🇻🇳 Chinese · Vietnam
1643
+12
🇲🇽 Persians · Mexico
1635
+12
🇨🇳 Armenians · China
1619
-14
🇹🇼 Turks · Taiwan
1546
-11
🇨🇳 Mongols · China
1527
-10
1504
-9
SimmaHem7912
0:33 Loom
11:59 Feudal Age
16:20 Castle Age
14:46 Double-Bit Axe
18:17 Fishing Lines
20:04 Bow Saw
20:23 Gillnets
noru
0:59 Loom
10:38 Feudal Age
11:00 Man-at-Arms
17:08 Double-Bit Axe
20:44 Castle Age
18:45 Stone Mining
19:18 Horse Collar
21:35 Bow Saw
22:14 Fletching
24:25 Gold Mining
24:42 Town Watch
30:57 Wheelbarrow
30:24 Heavy Plow
32:18 Hand Cart
35:35 Gold Shaft Mining
38:45 Imperial Age
37:17 Stone Shaft Mining
37:12 Padded Archer Armor
37:07 Bodkin Arrow
38:49 Leather Archer Armor
39:55 Conscription
39:35 Bracer
41:41 Ballistics
42:29 Bloodlines
42:19 Husbandry
41:55 Elite Mangudai
42:42 Thumb Ring
44:03 Parthian Tactics
47:02 Chemistry
Cagata Sonante
6:06 Loom
12:05 Feudal Age
16:39 Castle Age
15:08 Double-Bit Axe
16:33 Fishing Lines
18:08 Wheelbarrow
17:54 Bow Saw
18:52 Horse Collar
21:02 Wheelbarrow
20:29 Heavy Plow
22:48 Hand Cart
28:19 Imperial Age
26:29 Bloodlines
26:19 Husbandry
26:53 Scale Barding Armor
26:58 Forging
28:25 Chain Barding Armor
28:46 Onager
30:07 Plate Barding Armor
29:20 Cavalier
31:55 Iron Casting
32:44 Paladin
34:34 Blast Furnace
36:00 Fletching
36:43 Conscription
37:38 Masonry
37:20 Arrowslits
37:26 Guard Tower
37:50 Clinker Construction
37:48 Caravan
38:18 Coinage
39:00 Light Cavalry
41:05 Guilds
44:39 Architecture
44:30 Ballistics
44:57 Hoardings
44:47 Supremacy
45:50 Bodkin Arrow
45:56 Padded Archer Armor
47:01 Chemistry
49:13 Bracer
49:29 Leather Archer Armor
49:14 Scale Mail Armor
khungbo
0:29 Loom
11:02 Feudal Age
14:59 Castle Age
13:32 Double-Bit Axe
13:43 Fishing Lines
18:04 Bow Saw
18:23 Gillnets
19:35 Coinage
21:00 Horse Collar
22:49 Gold Mining
24:26 Heavy Plow
25:44 Wheelbarrow
26:10 Scale Barding Armor
27:16 Gold Shaft Mining
26:32 Stone Mining
30:26 Imperial Age
28:28 Hand Cart
29:03 Bloodlines
28:54 Husbandry
29:15 Chain Barding Armor
29:06 Forging
29:37 Town Watch
30:34 Cavalier
31:50 Plate Barding Armor
30:50 Heavy Rocket Cart
33:04 Two-Man Saw
33:30 Iron Casting
34:22 Banking
33:52 Caravan
36:02 Blast Furnace
35:23 Conscription
36:16 Capped Ram
37:37 Capped Ram
39:03 Fletching
40:28 Ballistics
41:09 Chemistry
40:09 Siege Ram
41:51 Great Wall
42:40 Stone Shaft Mining
42:45 Bodkin Arrow
43:03 Masonry
46:28 Architecture
47:22 Bracer
old f1sh
3:07 Loom
9:29 Feudal Age
11:23 Man-at-Arms
21:56 Castle Age
20:17 Fletching
23:18 Crossbowman
26:12 Double-Bit Axe
joosephy
0:46 Loom
10:50 Feudal Age
14:42 Castle Age
13:24 Double-Bit Axe
22:01 Gold Mining
24:48 Wheelbarrow
28:29 Imperial Age
27:19 Bow Saw
29:14 Gold Shaft Mining
30:37 Conscription
31:10 Padded Archer Armor
36:26 Fletching
38:17 Bodkin Arrow
40:30 Hand Cart
40:24 Bracer
向阳花
10:37 Feudal Age
14:35 Castle Age
13:05 Double-Bit Axe
17:35 Horse Collar
21:55 Wheelbarrow
23:00 Bow Saw
22:45 Fishing Lines
24:42 Gold Mining
25:46 Hand Cart
25:34 Gillnets
25:55 Stone Mining
27:30 Gold Shaft Mining
27:31 Stone Shaft Mining
28:08 Heavy Plow
28:12 Fletching
28:24 Padded Archer Armor
29:03 Bodkin Arrow
29:37 Ballistics
32:16 Imperial Age
32:05 Leather Archer Armor
33:02 Bracer
32:24 Elite Mangudai
33:08 Nomads
33:28 Conscription
34:50 Chemistry
33:55 Siege Engineers
34:49 Bloodlines
34:39 Husbandry
35:09 Masonry
42:53 Loom
44:31 Onager
45:27 Light Cavalry
46:20 Scale Barding Armor
46:25 Forging
46:36 Hussar
47:42 Chain Barding Armor
47:58 Iron Casting
47:38 Fortified Wall
47:27 Siege Onager
V我50%匡扶汉室
6:14 Loom
8:42 Double-Bit Axe
11:48 Feudal Age
12:20 Fishing Lines
12:51 Bow Saw
21:03 Castle Age
19:31 Fishing Lines
20:58 Gillnets
22:49 Bow Saw
25:35 Gold Mining
26:26 Wheelbarrow
29:45 Imperial Age
29:00 Wheelbarrow
29:08 Gold Shaft Mining
30:33 Hand Cart
31:34 Chemistry
30:43 Padded Archer Armor
33:21 Town Watch
36:39 Scale Mail Armor
36:50 Forging
36:54 Arson
37:10 Squires
Connection lost

Rejoining the realm…

Still unreachable

The connection could not be restored.

Session expired

The server has moved on; the page needs a fresh start.